 Dungeon Crawl Stone Soup version 0.30-a0-360-g447f08457e (webtiles) character file.

Game seed: 12823456571183475124

32 Jaiden2121 the Trooper (level 3, 0/31 HPs)
             Began as a Demonspawn Berserker on Nov 13, 2022.
             Was a Believer of Trog.
             Slain by a gnoll
             ... wielding a +0 whip
              (3 damage)
             ... on level 3 of the Dungeon.
             The game lasted 00:07:25 (762 turns).

Jaiden2121 the Trooper (Demonspawn Berserker)        Turns: 762, Time: 00:07:28

Health: 0/31       AC: 16    Str: 19    XL:     3   Next: 10%
Magic:  0/3        EV:  2    Int:  8    God:    Trog [**....]
Gold:   103        SH:  0    Dex: 12    Spells: 2/2 levels left

rFire   . . .      SeeInvis .    a - +0 falchion (protect)
rCold   . . .      Faith    .    (no shield)
rNeg    . . .      Spirit   +    g - +0 crystal plate armour
rPois   .          Reflect  .    (no helmet)
rElec   .          Harm     .    (no cloak)
rCorr   .          Rampage  .    (no gloves)
Will    .....                    (no boots)
Stlth   ..........               c - amulet of guardian spirit
HPRegen 0.25/turn                (no ring)
MPRegen 0.08/turn                (no ring)

@: no status effects
A: sharp scales 1, robust 1
a: Renounce Religion, Berserk, Trog's Hand


You were on level 3 of the Dungeon.
You worshipped Trog.
Trog was pleased with you.
You visited 1 branch of the dungeon, and saw 3 of its levels.

You collected 103 gold pieces.

Inventory:

Hand Weapons
 a - a +0 falchion of protection (weapon)
Armour
 b - a +0 animal skin
 d - a +0 ring mail
 g - a +0 crystal plate armour (worn)
Jewellery
 c - an amulet of guardian spirit (around neck)
Wands
 h - a wand of mindburst (18)
Scrolls
 e - a scroll of identify
 f - a scroll of teleportation


   Skills:
 + Level 3.5 Fighting
 + Level 3.2 Long Blades
 + Level 1.9 Armour
 + Level 1.7 Dodging
 + Level 0.5 Stealth


You had 2 spell levels left.
You didn't know any spells.
Your spell library contained the following spells:

 Spells                   Type           Power      Damage    Failure   Level
 Magic Dart               Conj           0%         1d3       100%        1
 Call Imp                 Summ           0%         N/A       100%        2
 Ignite Poison            Fire/Tmut/Pois 0%         N/A       100%        3
 Kindle Blastsparks       Fire/Tloc/Air  0%         2d10      100%        3
 Mephitic Cloud           Conj/Pois/Air  0%         N/A       100%        3
 Stone Arrow              Conj/Erth      0%         3d7       100%        3
 Animate Armour           Summ/Erth      0%         N/A       100%        4
 Freezing Cloud           Conj/Ice/Air   0%         6-21      100%        5
 Lehudib's Crystal Spear  Conj/Erth      0%         10d2      100%        8


Dungeon Overview and Level Annotations

Branches:
Dungeon (3/15)

Altars:
Xom


Innate Abilities, Weirdness & Mutations

You are partially covered in razor-sharp scales. (AC +1, Slay +1)
You are robust. (+10% HP)


Message History

You closely miss the gnoll.
The gnoll is severely wounded.
The gnoll hits you from afar with a +1 vorpal spear.
The gnoll hits you but does no damage. x2
You closely miss the gnoll.
The gnoll hits you but does no damage. x3
You hit the gnoll but do no damage.
The gnoll hits you but does no damage. x2
The gnoll hits you with a +1 vorpal spear.
You barely miss the gnoll. The gnoll hits you but does no damage.
The gnoll hits you with a +0 whip. The gnoll barely misses you.
The gnoll hits you with a +0 club.
The gnoll hits you but does no damage. x2
The gnoll hits you with a +1 vorpal spear.
The gnoll attacks as you move away!
The gnoll hits you but does no damage. x2
You hit the gnoll but do no damage.
Your weapon exudes an aura of protection.
The gnoll is heavily wounded.
The bat hits you but does no damage. The gnoll barely misses you.
The gnoll hits you from afar with a +1 vorpal spear.
You hit the gnoll.
The gnoll is severely wounded.
The bat hits you but does no damage.
The gnoll hits you but does no damage. x2
You barely miss the gnoll.
The gnoll is severely wounded.
The bat hits you but does no damage. The gnoll hits you but does no damage.
The gnoll hits you with a +0 whip.
The gnoll hits you but does no damage. x2
The gnoll attacks as you move away! The gnoll hits you but does no damage.
The bat hits you but does no damage.
You barely miss the gnoll.
The gnoll is severely wounded.
The bat completely misses you. The bat hits you but does no damage.
The gnoll hits you with a +0 club.
The gnoll hits you but does no damage. x2
The gnoll hits you from afar with a +1 vorpal spear.
* * * LOW HITPOINT WARNING * * *
x2 You barely miss the gnoll.
The gnoll is severely wounded.
The bat barely misses you. The bat hits you but does no damage.
The gnoll hits you with a +0 club.
* * * LOW HITPOINT WARNING * * *
The gnoll barely misses you. The gnoll hits you but does no damage.
The gnoll hits you with a +0 whip.
You die...

#........#
#.<....#
#......# #
#......#
#.#......#
##.#......#
..........#
.##bgg..[#
. #@gg...#
#####..#
##.# .# ..
... ....
#####


You could see 4 gnolls and a bat.

Vanquished Creatures
  An adder (D:2)
  4 endoplasms
  2 goblins
  2 hobgoblins (D:1)
  2 kobolds (D:1)
  A quokka (D:1)
  3 ball pythons
  4 frilled lizards
  5 rats
24 creatures vanquished.

Notes
Turn   | Place    | Note
-------+----------+-------------------------------------------
     0 | D:1      | Jaiden2121 the Demonspawn Berserker began the quest for the
                  | Orb.
     0 | D:1      | Reached XP level 1. HP: 18/18 MP: 1/1
   204 | D:1      | Gained mutation: You are partially covered in razor-sharp
                  | scales. (AC +1, Slay +1) [demonic ancestry]
   204 | D:1      | Reached XP level 2. HP: 23/24 MP: 2/2
   521 | D:2      | Found a shimmering altar of Xom.
   550 | D:2      | Reached ** piety under Trog
   627 | D:2      | Gained mutation: You are robust. (+10% HP) [potion of
                  | mutation]
   664 | D:2      | Reached XP level 3. HP: 31/31 MP: 3/3
   762 | D:3      | Slain by a gnoll

Illustrated notes

Levels and vault maps discovered:
D:1:      nicolae_arrival_memento_mori, layout_loops_ring
D:2:      layout_basic, basic_altar
D:3:      layout_rooms, nicolae_gozag_zags_fifth_avenue, marbit_many_paths,
          kiku_gazebo_pond_becter, hellmonk_ecumenical_altar_arch_garden,
          guppyfry_early_orc_mine, uniq_sigmund

Skill      XL: |  1  2 |
---------------+-------+-----
Long Blades    | 3 |  3.2
Fighting       | |  3.5
Armour         | |  1.9
Dodging        | |  1.7
Stealth        | |  0.5

Action                   || total
-------------------------++-------
Melee: Falchion          ||    93
  Use: Scroll            ||     5
       Potion            ||     4
Armor: Ring mail         ||    19
       Animal skin       ||     1
       Crystal plate arm ||    60
Dodge: Dodged            ||    38

Table legend: (Time is in decaauts)
 A = Elapsed time spent in this place.
 B = Non-inter-level travel time spent in this place.
 C = Inter-level travel time spent in this place.
 D = Time resting spent in this place.
 E = Time spent auto-exploring this place.
 F = Levels seen in this place.
 G = Mean time per level.
                   A        B        C        D        E       F      G
               +--------+--------+--------+--------+--------+-----+--------+
         Total |    775 |    775 |      0 |      0 |      0 |   3 |  258.3 |
       Dungeon |    775 |    775 |      0 |      0 |      0 |   3 |  258.3 |
               +--------+--------+--------+--------+--------+-----+--------+

Top non-repeatable levels by time:
     D:1: 419 daAuts
     D:2: 326 daAuts
     D:3: 29 daAuts
